 Dungeon Crawl Stone Soup version 0.32-a0-597-g8e3e136d6a (webtiles) character file.

Game seed: 14149404108487915345

191822 Implojin the Fetichist (level 18, -5/147 HPs)
             Began as a Coglin Brigand on Mar 2, 2024.
             Was a Believer of Uskayaw.
             Slain by a naga
             ... wielding a +0 halberd
              (12 damage)
             ... on level 4 of the Snake Pit.
             The game lasted 01:18:22 (36868 turns).

Implojin the Fetichist (Coglin Brigand)            Turns: 36868, Time: 01:18:23

Health: -5/147     AC: 21    Str: 19    XL:     18   Next: 66%
Magic:  29/29      EV: 15    Int: 11    God:    Uskayaw [**....]
Gold:   1680       SH:  0    Dex: 22    Spells: 17/17 levels left

rFire   + . .        F - +9 demon blade (spect) {Shi}
rCold   + . .        s - +5 rapier "Cerch" {flame, rPois rC+ Str+6}
rNeg    . . .        B - +3 chain mail
rPois   +            k - +1 helmet
rElec   +            c - +2 cloak
rCorr   .            V - -1 pair of gloves "Atoiwuics" {rElec SInv}
SInv    +            H - +0 pair of boots
Will    ++...        (amulet unavailable)
Stlth   ++           (ring unavailable)
HPRegen 0.44/turn    (ring unavailable)
MPRegen 0.21/turn    Z - cryoautomatic subsystem {Rampage Acrobat rF+ Will+}

%: acrobat, rampage
@: lethally poisoned (-5 -> -21), studying 2 skills
A: off-hand wielding, slow wielding, warmup strikes, no jewellery
a: Renounce Religion, Stomp, Line Pass


You were on level 4 of the Snake Pit.
You worshipped Uskayaw.
Uskayaw was pleased with you.
You visited 5 branches of the dungeon, and saw 27 of its levels.
You also visited: Ice Cave.

You collected 3038 gold pieces.
You spent 1358 gold pieces at shops.

Inventory:

Hand Weapons
 s - the +5 rapier "Cerch" (offhand) {flame, rPois rC+ Str+6}
   (You found it on level 1 of the Snake Pit)

   Str+6:     It affects your strength (+6).
   rC+:       It protects you from cold.
   rPois:     It protects you from poison.
 z - the +6 rapier "Umibboeq" {flame, rC+ rN+}
   (You bought it in a shop on level 3 of the Dungeon)

   rC+:       It protects you from cold.
   rN+:       It protects you from negative energy.
 F - a +9 spectral demon blade (weapon) {Shi}
 I - a +4 dagger of chaos {Hamal}
Missiles
 e - 9 curare-tipped darts
 q - a throwing net
 G - 27 boomerangs
 N - 5 datura-tipped darts
Armour
 c - a +2 cloak (worn)
 g - +0 fire dragon scales
 k - a +1 helmet (worn)
 B - a +3 chain mail (worn)
 H - a +0 pair of boots (worn)
 K - a +1 cloak of stealth
 M - the +2 ring mail of Free Expression {rCorr Str+2}
   (You bought it in a shop on level 2 of the Snake Pit)

   Str+2:     It affects your strength (+2).
   rCorr:     It protects you from acid and corrosion.
 P - a +3 troll leather armour {Snorg}
 T - +0 ice dragon scales
 V - the -1 pair of gloves "Atoiwuics" (worn) {rElec SInv}
   (You found it on level 14 of the Dungeon)

   rElec:     It insulates you from electricity.
   SInv:      It lets you see invisible.
 X - a scarf of resistance
Gizmo
 Z - a cryoautomatic subsystem (installed) {Rampage Acrobat rF+ Will+}
   (You invented it yourself on level 14 of the Dungeon)

   [cryoautomatic subsystem]

   rF+:       It protects you from fire.
   Will+:     It increases your willpower.
   Rampage:   It bestows one free step when moving towards enemies.
   Acrobat:   It increases your evasion after moving or waiting.
Wands
 a - a wand of polymorph (8)
 m - a wand of roots (1)
 v - a wand of flame (33)
 C - a wand of digging (4)
 Q - a wand of paralysis (3)
 S - a wand of acid (15)
Scrolls
 b - 3 scrolls of immolation
 d - a scroll of enchant weapon
 h - 9 scrolls of teleportation
 i - 8 scrolls of fog
 p - 4 scrolls of blinking
 t - 2 scrolls of brand weapon
 u - a scroll of silence
 y - a scroll of fear
 A - 3 scrolls of identify
 L - 6 scrolls of revelation
 R - 2 scrolls of vulnerability
 W - a scroll of summoning
Potions
 f - a potion of cancellation
 j - 2 potions of heal wounds
 l - 7 potions of haste
 n - 5 potions of mutation
 o - 2 potions of attraction
 r - 5 potions of curing
 w - a potion of invisibility
 x - 3 potions of might
 D - 6 potions of ambrosia
 O - 2 potions of enlightenment
 Y - a potion of degeneration {unknown}
Miscellaneous
 E - a lightning rod (4/4)
 J - a phial of floods
 U - a box of beasts (inert)


   Skills:
 * Level 14.7 Fighting
 - Level 14.0(15.0) Short Blades
 - Level 10.2(14.0) Long Blades
 - Level 1.7 Throwing
 - Level 8.3 Armour
 - Level 12.0 Dodging
 - Level 8.0 Stealth
 - Level 15.0 Invocations
 - Level 15.0 Evocations


You had 17 spell levels left.
You didn't know any spells.
Your spell library contained the following spells:

 Spells                   Type           Power      Damage    Failure   Level
 Apportation              Tloc           0%         N/A       93%         1
 Foxfire                  Conj/Fire      0%         2x1d4     93%         1
 Magic Dart               Conj           0%         1d3       93%         1
 Necrotise                Necr           0%         1d4       93%         1
 Shock                    Conj/Air       0%         1d3       93%         1
 Slow                     Hex            0%         N/A       93%         1
 Sting                    Conj/Alch      0%         1d3       93%         1
 Summon Small Mammal      Summ           0%         N/A       93%         1
 Blink                    Tloc           0%         N/A       98%         2
 Call Imp                 Summ           0%         N/A       98%         2
 Ensorcelled Hibernation  Hex/Ice        0%         N/A       98%         2
 Scorch                   Fire           0%         2d5       98%         2
 Confusing Touch          Hex            0%         N/A       100%        3
 Dazzling Flash           Conj/Hex       0%         N/A       100%        3
 Fugue of the Fallen      Necr           0%         N/A       100%        3
 Gell's Gravitas          Tloc           0%         N/A       100%        3
 Sigil of Binding         Hex            0%         N/A       100%        3
 Stone Arrow              Conj/Erth      0%         3d7       100%        3
 Teleport Other           Tloc           0%         N/A       100%        3
 Vampiric Draining        Necr           0%         2d6       100%        3
 Volatile Blastmotes      Fire/Tloc      0%         2d10      100%        3
 Anguish                  Hex/Necr       0%         N/A       100%        4
 Animate Armour           Summ/Erth      0%         N/A       100%        4
 Flame Wave               Conj/Fire      0%         2d4       100%        4
 Fulminant Prism          Conj/Alch      0%         3d5       100%        4
 Iskenderun's Mystic Bla  Conj/Tloc      0%         2d3       100%        4
 Manifold Assault         Tloc           0%         N/A       100%        4
 Alistair's Intoxication  Alch           0%         N/A       100%        5
 Arcjolt                  Conj/Air       0%         1d10      100%        5
 Dispersal                Tloc           0%         N/A       100%        6
 Plasma Beam              Fire/Air       0%         2x1d10    100%        6
 Starburst                Conj/Fire      0%         6d3       100%        6
 Summon Cactus Giant      Summ           0%         N/A       100%        6
 Haunt                    Necr/Summ      0%         N/A       100%        7
 Borgnjor's Revivificati  Necr           0%         N/A       100%        8
 Disjunction              Tloc           0%         N/A       100%        8
 Lehudib's Crystal Spear  Conj/Erth      0%         10d2      100%        8
 Maxwell's Capacitive Co  Air            0%         ∞         100%        8
 Death's Door             Necr           0%         N/A       100%        9


Dungeon Overview and Level Annotations

Branches:
Dungeon (15/15)            Temple (1/1) D:6            Lair (5/5) D:11
 Shoals (0/4) Lair:2        Snake (4/4) Lair:2        Slime (0/5) Lair:4
    Orc (2/2) D:11            Elf (0/3) Orc:2        Vaults (0/5) D:13
 Depths (0/4) D:15          IceCv (visited)

Altars:
Ashenzari
Cheibriados
Dithmenos
Elyvilon
Fedhas
Gozag
Hepliaklqana
Kikubaaqudgha
Makhleb
Nemelex Xobeh
Okawaru
Qazlal
Ru
Sif Muna
Trog
Uskayaw
Vehumet
Wu Jian
Xom
Yredelemnul
Zin
The Shining One
Jiyva

Shops:
D:2 ?   D:3 (   D:7 *   Orc:1 **   Orc:2 *([[   Snake:2 *

Portals:
Trove: D:11 (give 6 potions of haste)

Annotations:
Snake:1 1 runed translucent door, exclusion: door, Roxanne; Wastoufi's ghost, adept GrFi
Snake:4 1 runed translucent door, Gryn's ghost, adept CoHs


Innate Abilities, Weirdness & Mutations

You can wield a second weapon in your off-hand.
It takes a long time for you to wield or remove held weapons.
Your first few attacks do less damage.
You cannot equip rings or amulets.


Message History

The naga spits poison at you.
The splash of poison misses your black mamba.
The splash of poison hits you but does no damage.
You resist.
Unknown command.
Aiming: Paralyse
Press: ? - help, Shift-Dir - straight line, f/p - naga mage
Aim: a naga mage, wielding a +0 whip (fast, strong, catching its breath, ally target, chance to affect: 45%)
The naga mage resists with some effort.
Your anaconda bites the nagaraja.
The nagaraja hits your anaconda with a +0 spear!!
The nagaraja misses your anaconda.
Your anaconda bites the nagaraja.
The nagaraja casts a spell at you. The bolt of poison hits your anaconda!!
The bolt of poison hits your shock serpent!!!
Your shock serpent is poisoned.
Your shock serpent dies!
Your shock serpent's corpse dissolves into shadows!
The bolt of poison hits you.
You are poisoned.
You resist.
The air sparks with electricity, shocking the nagaraja!
The naga hits you from afar with a +0 halberd!!
Danger: Low HP Warning |T3| Reason: 8% HP (12/147)
You feel better.
Your anaconda grabs the nagaraja.
Your anaconda bites the nagaraja!
Your anaconda constricts the nagaraja.
The naga mage points at you and mumbles some strange words.
The bolt of poison hits you.
You are poisoned.
You resist.
The bolt of poison misses your black mamba.
The bolt of poison hits your anaconda!!
Your anaconda is poisoned.
Your anaconda dies!
Your anaconda's corpse dissolves into shadows!
The nagaraja gestures at you while chanting.
The bolt of poison hits your black mamba!
The bolt of poison hits you. You resist.
The naga hits you from afar with a +0 halberd!
You die...
Your body falls in perfect tune with the rhythm.

###......#####......###
......))..)...........###
.#....$....).............
#...#.HN.............^..
........S................
###......######......####
#......# ########
#...N..# #...#.@#
#.....N# ###..)...#
......N......#
.........#.....
....#....# ....
.....#.... ...
##......### .. #......# #


You could see a nagaraja (fast, ally target), a naga warrior, a naga mage (fast,
strong, ally target), a naga (strong, catching breath), a friendly mature
shockox beast (summoned, poisoned) and a friendly black mamba (summoned).

Vanquished Creatures
  Vashnia (Snake:2)
  Nikola (Snake:3)
  Jorgrun (D:12)
  Kirke (D:12)
  Aizul (Snake:1)
  The ghost of Dyn Saduc the Impaler, a journeyman OnCA of Gozag (D:14)
  A nagaraja (Snake:4)
  A stone giant (D:14)
  Nessos (Orc:2)
  Snorg (D:11)
  A fire dragon (D:15)
  2 merfolk javelineers (D:14)
  3 vault guards (D:13)
  A rakshasa (D:14)
  Harold (D:9)
  An ice dragon (D:15)
  4 hydras
  3 salamander tyrants
  6 ogre magi
  2 ironbound frosthearts (IceCv)
  2 boulder beetles
  4 anacondas
  20 death yaks
  4 dancing weapons
  7 centaur warriors
  3 tengu warriors
  10 shock serpents
  15 two-headed ogres
  16 naga warriors
  A deep elf knight (D:14)
  13 naga sharpshooters
  2 orc high priests
  3 salamander mystics (Snake:4)
  12 mana vipers
  2 arcanists (D:13)
  Pikel (D:7)
  A lindwurm (Lair:5)
  A deep elf archer (D:14)
  4 naga ritualists
  2 orc knights (D:13)
  2 orc sorcerers (Orc:1)
  7 deep elf pyromancers
  2 oklob plants
  5 cyclopes
  5 manticores
  14 salamanders
  14 ugly things
  A salamander (shapeshifter) (D:13)
  A guardian serpent (shapeshifter) (D:15)
  3 meliai (Lair:5)
  34 black mambas
  6 guardian serpents
  18 naga magi
  An ice statue (IceCv)
  Joseph (D:7)
  A kobold blastminer (Orc:2)
  11 cane toads
  3 gargoyles
  An unseen horror (shapeshifter) (D:13)
  A cane toad (shapeshifter) (D:14)
  A kobold demonologist (D:12)
  5 rime drakes
  A yaktaur (D:13)
  A tengu conjurer (D:13)
  An efreet (D:14)
  7 komodo dragons
  3 freezing wraiths (D:15)
  An unseen horror (D:10)
  3 red devils (Orc:1)
  Psyche (D:9)
  A queen bee (Lair:5)
  3 merfolk (Lair:2)
  17 polar bears
  3 hornets (Lair:5)
  A hornet (shapeshifter) (D:13)
  12 trolls
  41 blink frogs
  2 dream sheep (Lair:5)
  12 spriggans
  A shadow (D:9)
  4 wraiths
  3 vampires
  49 yaks
  4 wyverns
  3 hogs (D:12)
  4 humans
  8 vampire mosquitoes
  8 basilisks
  A warg (D:11)
  Menkaure (D:7)
  47 nagas
  5 acid dragons
  32 water moccasins
  20 orc warriors
  An ice beast (D:7)
  6 black bears
  9 centaurs
  9 boggarts
  30 ogres
  51 wolves
  4 lemures (D:7)
  A phantom (D:5)
  9 bullfrogs
  A kobold brigand (D:10)
  2 gnoll sergeants
  A scorpion (D:7)
  3 wights (D:8)
  35 killer bees
  10 electric eels
  2 howler monkeys
  A crimson imp (D:12)
  A bombardier beetle (D:4)
  5 hounds (D:11)
  17 orc priests
  A sleepcap (D:6)
  An iguana (D:6)
  21 orc wizards
  18 hell rats
  21 adders
  15 gnolls
  14 white imps
  4 ufetubi (D:5)
  A dart slug (D:2)
  A ribbon worm (D:2)
  56 orcs
  A bat skeleton (D:2)
  5 endoplasms
  3 giant cockroaches
  3 goblins
  7 hobgoblins
  2 jackals (D:4)
  2 quokkas
  3 ball pythons
  2 ball python zombies (D:2)
  4 frilled lizards
  7 kobolds
  A quokka zombie (D:2)
  6 rats
  A butterfly (D:10)
992 creatures vanquished.

Vanquished Creatures (collateral kills)
  A catoblepas (Lair:5)
  A boulder beetle (D:14)
  2 naga sharpshooters (Snake:2)
  A naga warrior (Snake:4)
  Lodul (D:12)
  An ugly thing (D:14)
  2 black mambas
  A salamander (Snake:3)
  A cane toad (Lair:4)
  A gargoyle (D:13)
  A komodo dragon (Lair:4)
  3 blink frogs
  2 nagas (Snake:3)
  7 ogres
  A hell rat (Lair:4)
  A spectral weapon (Orc:2)
27 creatures vanquished.

Vanquished Creatures (others)
  An ugly thing (D:14)
  A manticore (D:13)
  An orc warrior (D:14)
  6 spectral weapons
9 creatures vanquished.

Grand Total: 1028 creatures vanquished

Notes
Turn   | Place    | Note
-------+----------+-------------------------------------------
     0 | D:1      | Implojin the Coglin Brigand began the quest for the Orb.
     0 | D:1      | Reached XP level 1. HP: 16/16 MP: 1/1
   148 | D:1      | Reached XP level 2. HP: 20/22 MP: 2/2
   245 | D:1      | You fall into a shaft and drop 1 floor!
   860 | D:2      | Reached XP level 3. HP: 27/27 MP: 3/3
  1525 | D:2      | Found Vuac Quq's Magic Scroll Emporium.
  2081 | D:3      | Reached XP level 4. HP: 31/33 MP: 4/4
  2597 | D:3      | Found Kaggisk Ytua's Antique Weapon Boutique.
  3057 | D:4      | Reached XP level 5. HP: 30/41 MP: 5/5
  3326 | D:4      | Found a snail-covered altar of Cheibriados.
  3664 | D:3      | Bought a crude rapier for 162 gold pieces
  3664 | D:3      | Identified the +6 rapier "Umibboeq" {flame, rC+ rN+} (You
                  | bought it in a shop on level 3 of the Dungeon)
  3736 | D:5      | Entered Level 5 of the Dungeon
  3818 | D:5      | Reached skill level 5 in Short Blades
  4130 | D:5      | Reached XP level 6. HP: 47/47 MP: 6/6
  5388 | D:6      | Found a staircase to the Ecumenical Temple.
  5393 | D:6      | Reached XP level 7. HP: 52/52 MP: 7/7
  5432 | Temple   | Entered the Ecumenical Temple
  5478 | Temple   | Became a worshipper of Uskayaw the Reveller
  5537 | D:6      | Reached * piety under Uskayaw
  5664 | D:6      | Identified the +0 whip of Iconoclasm {venom, Will+ Dex+6}
  5960 | D:6      | Reached ** piety under Uskayaw
  6347 | D:3      | Bought a runed rapier for 126 gold pieces
  6594 | D:7      | Found Malafeg's Assorted Antiques.
  6705 | D:7      | Noticed Menkaure
  6709 | D:7      | Killed Menkaure
  6803 | D:7      | Found a glowing golden altar of the Shining One.
  6830 | D:7      | Noticed Joseph
  6839 | D:7      | Reached *** piety under Uskayaw
  6840 | D:7      | Killed Joseph
  6841 | D:7      | Reached XP level 8. HP: 45/58 MP: 8/8
  6913 | D:7      | Noticed Pikel
  6925 | D:7      | Reached **** piety under Uskayaw
  6929 | D:7      | Reached ***** piety under Uskayaw
  6937 | D:7      | Killed Pikel
  6938 | D:7      | Reached skill level 10 in Short Blades
  6938 | D:7      | Reached ****** piety under Uskayaw
  6944 | D:7      | Found a hazy altar of Hepliaklqana.
  7064 | D:7      | Reached XP level 9. HP: 60/63 MP: 9/9
  7499 | D:8      | Noticed a manticore
  7511 | D:8      | Killed a manticore
  7983 | D:8      | Found an iron altar of Okawaru.
  8198 | D:9      | Reached XP level 10. HP: 43/70 MP: 10/10
  8294 | D:9      | Found a basalt altar of Yredelemnul.
  8354 | D:9      | Noticed a two-headed ogre
  8362 | D:9      | Killed a two-headed ogre
  8603 | D:9      | Found a sparkling altar of Nemelex Xobeh.
  8635 | D:9      | Noticed Harold
  8650 | D:9      | Killed Harold
  8705 | D:9      | Noticed Psyche
  8713 | D:9      | Killed Psyche
  8795 | D:9      | Noticed Maurice
  8802 | D:9      | Maurice changed into Maurice the black bear
  8802 | D:9      | Noticed Maurice
  8807 | D:9      | Killed Maurice the black bear
  8996 | D:9      | Reached skill level 5 in Fighting
  9046 | D:9      | Found an ancient bone altar of Kikubaaqudgha.
  9355 | D:9      | Found a blossoming altar of Fedhas.
  9371 | D:10     | Entered Level 10 of the Dungeon
  9454 | D:10     | Noticed a two-headed ogre
  9459 | D:10     | Reached XP level 11. HP: 68/81 MP: 11/11
  9466 | D:10     | Killed a two-headed ogre
  9467 | D:10     | Reached skill level 1 in Invocations
  9550 | D:10     | Found a white marble altar of Elyvilon.
  9671 | D:10     | Found a stormy altar of Qazlal.
  9674 | D:10     | Found a shadowy altar of Dithmenos.
  9676 | D:10     | Found a shimmering altar of Xom.
  9677 | D:10     | Found a bloodstained altar of Trog.
 10319 | D:11     | Noticed Snorg
 10426 | D:11     | Killed Snorg
 10427 | D:11     | Reached skill level 5 in Invocations
 10443 | D:11     | Found a staircase to the Orcish Mines.
 10531 | D:11     | Found a staircase to the Lair.
 10629 | D:11     | Noticed a cyclops
 10846 | D:11     | Killed a cyclops
 11056 | D:11     | Found a portal to a secret trove of treasure.
 11123 | D:12     | Noticed Lodul
 11137 | D:12     | Reached skill level 1 in Evocations
 11151 | D:12     | Killed Lodul
 11165 | D:12     | Reached skill level 5 in Evocations
 11234 | D:12     | Noticed a brown ugly thing
 11241 | D:12     | Killed a brown ugly thing
 11256 | D:12     | Noticed a deep elf pyromancer
 11264 | D:12     | Killed a deep elf pyromancer
 11265 | D:12     | Reached XP level 12. HP: 66/91 MP: 16/16
 11293 | D:12     | Found a frozen archway.
 11321 | IceCv    | Entered an ice cave
 11521 | IceCv    | Noticed a death yak
 11521 | IceCv    | Noticed a death yak
 11521 | IceCv    | Noticed a death yak
 11543 | IceCv    | Killed a death yak
 11544 | IceCv    | Killed a death yak
 11551 | IceCv    | Killed a death yak
 12060 | IceCv    | Noticed a death yak
 12068 | IceCv    | Reached skill level 10 in Fighting
 12086 | IceCv    | Killed a death yak
 12492 | IceCv    | Noticed a death yak
 12492 | IceCv    | Noticed an ironbound frostheart
 12492 | IceCv    | Noticed a death yak
 12497 | IceCv    | Noticed a death yak
 12497 | IceCv    | Noticed an ironbound frostheart
 12519 | IceCv    | Killed a death yak
 12521 | IceCv    | Killed an ironbound frostheart
 12530 | IceCv    | Killed a death yak
 12531 | IceCv    | Reached XP level 13. HP: 53/107 MP: 18/18
 12788 | IceCv    | Identified the ring of the Castellan {MP+9 Str+2}
 13218 | D:12     | Noticed Kirke
 13224 | D:12     | Noticed a sphinx
 13225 | D:12     | Killed Kirke
 13543 | D:12     | Noticed Sonja
 13544 | D:12     | Sonja changed into Sonja the rime drake
 13544 | D:12     | Noticed Sonja
 13549 | D:12     | Killed Sonja the rime drake
 13642 | D:12     | Noticed Jorgrun
 13655 | D:12     | Killed Jorgrun
 13656 | D:12     | Reached skill level 5 in Armour
 15389 | D:13     | Reached XP level 14. HP: 44/115 MP: 11/20
 15498 | D:13     | HP: 5/115 [gargoyle/+0 flail (25)]
 16015 | D:13     | Got the Precepts of Incandescence and Astrapomancy
 16021 | D:13     | Got Vomudghi's Encyclopedia of Searing Reformation
 16800 | D:13     | Reached skill level 10 in Invocations
 17099 | D:13     | Found a gate to the Vaults.
 18227 | D:14     | Found a runed translucent gate.
 18227 | D:14     | Found a runed translucent gate.
 18227 | D:14     | Found a runed translucent gate.
 18228 | D:14     | Found an iron altar of Okawaru.
 18228 | D:14     | Noticed Dyn Saduc's ghost (journeyman OnCA)
 18229 | D:14     | Noticed a stone giant
 18254 | D:14     | Identified the -1 pair of gloves "Atoiwuics" {rElec SInv}
 18689 | D:14     | Acquired a cryoautomatic subsystem {Rampage Acrobat rF+
                  | Will+}
 18758 | Lair:1   | Entered Level 1 of the Lair of Beasts
 18907 | Lair:1   | You fall into a shaft and drop 1 floor!
 19134 | Lair:1   | Identified a scroll of acquirement
 19134 | Lair:1   | Acquired a manual of Evocations
 20091 | Lair:2   | Found a staircase to the Snake Pit.
 20097 | Lair:2   | Reached XP level 15. HP: 113/120 MP: 24/24
 20098 | Lair:2   | Reached skill level 10 in Evocations
 21210 | Lair:2   | Found a staircase to the Shoals.
 22122 | Lair:3   | Reached skill level 15 in Evocations
 22122 | Lair:3   | Reached skill level 1 in Dodging
 22595 | Lair:3   | Reached skill level 5 in Dodging
 23439 | Lair:4   | Found a viscous altar of Jiyva.
 23440 | Lair:4   | Found a staircase to the Slime Pits.
 24052 | Lair:5   | Entered Level 5 of the Lair of Beasts
 24446 | Lair:5   | Reached skill level 10 in Dodging
 24889 | Lair:5   | Reached XP level 16. HP: 101/127 MP: 25/25
 26271 | D:14     | Killed Dyn Saduc's ghost
 26284 | D:14     | HP: 3/127 [constriction (7)]
 26322 | D:14     | Identified the +0 leather armour of Damaoq {Harm *Slow
                  | rElec Will++}
 26601 | D:15     | Entered Level 15 of the Dungeon
 27202 | D:15     | Found a runed translucent door.
 27459 | D:15     | Found a staircase to the Depths.
 27949 | Orc:1    | Entered Level 1 of the Orcish Mines
 28020 | Orc:1    | Reached skill level 1 in Long Blades
 28124 | Orc:1    | Found Anusarr's General Store.
 28124 | Orc:1    | Found Jeso's Specific Store.
 28563 | Orc:2    | Entered Level 2 of the Orcish Mines
 28588 | Orc:2    | Found a radiant altar of Vehumet.
 28789 | Orc:2    | Found a staircase to the Elven Halls.
 28990 | Orc:2    | Noticed Nessos
 29004 | Orc:2    | Killed Nessos
 29145 | Orc:2    | Found Homouve's General Store.
 29156 | Orc:2    | Found Bolol's Armour Shoppe.
 29156 | Orc:2    | Found Xoygg's Armour Boutique.
 29156 | Orc:2    | Found Afesiuwkabb's Antique Weapon Shoppe.
 29157 | Orc:2    | Reached skill level 5 in Long Blades
 29163 | Orc:2    | Reached XP level 17. HP: 85/133 MP: 27/27
 30128 | D:2      | Bought a scroll of enchant weapon for 97 gold pieces
 30128 | D:2      | Bought a scroll of identify for 26 gold pieces
 30128 | D:2      | Bought a scroll of revelation for 97 gold pieces
 30128 | D:2      | Bought a scroll of teleportation for 39 gold pieces
 30128 | D:2      | Bought 2 scrolls of fog for 104 gold pieces
 30442 | Orc:2    | Bought a scroll of summoning for 133 gold pieces
 30442 | Orc:2    | Bought a scroll of revelation for 105 gold pieces
 30442 | Orc:2    | Bought a scroll of silence for 133 gold pieces
 30542 | Snake:1  | Entered Level 1 of the Snake Pit
 30549 | Snake:1  | Identified the +5 rapier "Cerch" {flame, rPois rC+ Str+6}
 30595 | Snake:1  | Identified the serpent talisman of Biujaluc {rElec rCorr
                  | Str+2 Int-4}
 30595 | Snake:1  | Noticed Aizul
 30606 | Snake:1  | Killed Aizul
 30635 | Snake:1  | Noticed Roxanne
 31623 | Snake:1  | Found a runed translucent door.
 31623 | Snake:1  | Noticed Wastoufi's ghost (adept GrFi)
 32204 | Snake:2  | Found Taonoox's Assorted Antiques.
 32212 | Snake:2  | Bought a potion of curing for 84 gold pieces
 32212 | Snake:2  | Bought a fading ring mail for 252 gold pieces
 32212 | Snake:2  | Identified the +2 ring mail of Free Expression {rCorr
                  | Str+2} (You bought it in a shop on level 2 of the Snake
                  | Pit)
 32273 | Snake:2  | Reached skill level 10 in Long Blades
 32382 | Snake:2  | Noticed Vashnia
 33459 | Snake:2  | Killed Vashnia
 34042 | Snake:3  | Reached skill level 5 in Stealth
 34730 | Snake:3  | Reached XP level 18. HP: 138/142 MP: 28/28
 34981 | Snake:3  | Noticed Nikola
 34991 | Snake:3  | Killed Nikola
 35217 | Snake:4  | Entered Level 4 of the Snake Pit
 35865 | Snake:4  | Reached skill level 15 in Invocations
 36760 | Snake:4  | Found a runed translucent door.
 36760 | Snake:4  | Noticed Gryn's ghost (adept CoHs)
 36868 | Snake:4  | HP: 7/147 [nagaraja/bolt of poison (4)]
 36868 | Snake:4  | Slain by a naga

Illustrated notes

Levels and vault maps discovered:
D:1:      roderic_crop_circles_arrival_small, layout_loops_ring
D:2:      layout_loops_cross, serial_undead, serial_undead_e, serial_undead_f,
          serial_undead_d, serial_undead_f, serial_shops,
          nicolae_shop_hallway_stairs, grunt_decor_junction,
          kennysheep_generic_room_6
D:3:      layout_basic, serial_shops, nicolae_shop_crystal, hex_tiny
D:4:      layout_rooms, overflow_temple_1_default
D:5:      layout_basic
D:6:      layout_basic, minmay_temple_entry_antechambers
D:7:      layout_loops_cross, nicolae_overflow_crystal_walls,
          amcnicky_altar_gilded, serial_shops, nicolae_lakefront_shop,
          uniq_pikel, uniq_joseph, uniq_menkaure
D:8:      layout_gridville, okawaru_metal_pillars_1_2,
          chequers_serial_rivers_room_b
D:9:      layout_roguey, nemelex_altar_shiori, kennysheep_little_box,
          mainiacjoe_overflow_alcove_1, marbit_many_paths, uniq_harold,
          uniq_psyche, uniq_maurice
D:10:     layout_long_grid, mainiacjoe_overflow_alcove_3,
          nicolae_elyvilon_peaceful_grove
D:11:     layout_rooms, erik_lair_island, david_orc_3,
          nicolae_trove_entry_diagonal, uniq_snorg
D:12:     kennysheep_scales, layout_basic, portal_ice_cave_entry_imps,
          uniq_jorgrun, uniq_lodul, uniq_kirke, uniq_sonja
D:13:     layout_basic, grunt_vaults_entry_fortified,
          minmay_the_grid_square_5x5_3x3_mashed
          [minmay_the_grid_square_5x5_three_small,
          minmay_the_grid_square_5x5_detours, minmay_the_grid_square_5x5_three,
          minmay_the_grid_square_5x5_plus,
          minmay_the_grid_square_5x5_megaprize_open,
          minmay_the_grid_square_5x5_half_checkered,
          minmay_the_grid_square_5x5_hourglass,
          minmay_the_grid_square_5x5_dogpile,
          minmay_the_grid_square_5x5_minimal]
D:14:     wad_pebble_path, layout_cave_pools, gammafunk_ghost_fury_of_okawaru,
          hangedman_decor_push
D:15:     grunt_enter_depths_hoard, layout_rooms, minmay_misc_feat_enclosed,
          nicolae_danse_macabre
Temple:   grunt_temple_mini_profane
Lair:1:   layout_small_grid, minivault_25, grunt_forest_small_clearing_treed,
          grunt_megastairs_5, lemuel_fruit_fields
Lair:2:   lemuel_reptile_caves, layout_gridlike,
          mainiacjoe_shoals_entry_four_pools, minmay_snake_entry_six_corridors,
          grunt_forest_stairs_clearing, serial_bayou_shore_a,
          serial_bayou_shore_b
Lair:3:   layout_hall_layers, chequers_serial_rivers_micro_a
Lair:4:   layout_misc_corridors, slime_entry_1
Lair:5:   minmay_lair_end_enchanted_forest, layout_misc_corridors, special_room
          [special_room_bee], cheibrodos_lair_lostbears
Snake:1:  layout_onion_interference, ebering_ghost_inner_flame,
          grunt_megastairs_1, uniq_aizul, uniq_roxanne
Snake:2:  layout_grid_maze, serial_shops, shop, serial_bayou_crossing,
          uniq_vashnia
Snake:3:  layout_rooms, nicolae_triple_integral, uniq_nikola
Snake:4:  minmay_snake_end_coiled, layout_layer_cave,
          hellmonk_ghost_happy_afterlife
Orc:1:    layout_diamond_mine, nicolae_specific_store,
          einodemon_armed_red_devil_minivault
Orc:2:    st_orc_ogre_mass, layout_caves, basic_altar, uniq_nessos

Skill      XL: |  1  2  3  4  5  6  7  8  9 10 11 12 13 14 15 16 17 18 |
---------------+-------------------------------------------------------+-----
Short Blades   | 2 3 4 5 6 8 10 12 14 | 14.0
Fighting       | 3 6 7 11 12 14 | 14.7
Invocations    | 6 7 8 12 14 15 | 15.0
Evocations     | 6 9 15 | 15.0
Armour         | 8 |  8.3
Dodging        | 12 | 12.0
Long Blades    | 5 10 | 10.2
Stealth        | 7 8 |  8.0
Throwing       | |  1.7

Action                     |  1- 3 |  4- 6 |  7- 9 | 10-12 | 13-15 | 16-18 || total
---------------------------+-------+-------+-------+-------+-------+-------++-------
  Melee: Dagger            |    91 |    97 |    27 |   306 |   936 |   440 ||  1897
         Short sword       |    78 |    57 |       |       |       |       ||   135
         Rapier            |       |    35 |   258 |   422 |   970 |   690 ||  2375
         Demon blade       |       |       |       |       |       |   543 ||   543
  Throw: Dart              |     4 |     1 |     1 |    21 |     7 |       ||    34
         Boomerang         |       |       |     4 |       |     1 |       ||     5
         Throwing net      |       |       |       |       |     5 |     2 ||     7
 Invoke: Grand Finale      |       |       |       |       |     3 |     9 ||    12
         Line Pass         |       |       |       |       |     1 |     1 ||     2
Ability: Invent Gizmo      |       |       |       |       |     1 |       ||     1
  Evoke: Wand              |       |     8 |     4 |    23 |    15 |    11 ||    61
         Box of beasts     |       |       |       |       |     4 |     4 ||     8
         Lightning rod     |       |       |       |       |     3 |       ||     3
         Phial of floods   |       |       |       |       |       |     1 ||     1
    Use: Scroll            |     7 |     5 |       |     3 |    16 |    22 ||    53
         Potion            |       |       |     3 |     1 |     5 |    16 ||    25
   Stab: Sleeping          |     4 |       |     1 |       |       |       ||     5
         Paralysed         |       |       |     8 |    35 |    88 |   134 ||   265
         Confused          |       |       |       |     3 |    18 |     5 ||    26
         Distracted        |       |       |       |     1 |     1 |    10 ||    12
         Petrifying        |       |       |       |     1 |     6 |     1 ||     8
         Held in net/web   |       |       |       |       |     4 |     2 ||     6
         Betrayed ally     |       |       |       |       |     1 |       ||     1
 Armour: Robe              |     5 |       |       |       |       |       ||     5
         Leather armour    |    37 |     2 |    26 |       |       |       ||    65
         Scale mail        |     5 |   101 |       |       |       |       ||   106
         Chain mail        |       |       |    82 |   268 |   694 |   538 ||  1582
         Ice dragon scales |       |       |       |    27 |    28 |       ||    55
  Dodge: Dodged            |    27 |    52 |    45 |    72 |   330 |   517 ||  1043

Table legend: (Time is in decaauts)
 A = Elapsed time spent in this place.
 B = Non-inter-level travel time spent in this place.
 C = Inter-level travel time spent in this place.
 D = Time resting spent in this place.
 E = Time spent auto-exploring this place.
 F = Levels seen in this place.
 G = Mean time per level.
                   A        B        C        D        E       F      G
               +--------+--------+--------+--------+--------+-----+--------+
         Total |  35768 |  33217 |   2551 |   4735 |  22216 |  28 | 1277.4 |
       Dungeon |  18921 |  17110 |   1811 |   1809 |  11966 |  15 | 1261.4 |
        Temple |     84 |      5 |     79 |      0 |      0 |   1 |   84.0 |
          Lair |   7130 |   6696 |    434 |    800 |   4673 |   5 | 1426.0 |
     Snake Pit |   5914 |   5832 |     82 |   1166 |   3773 |   4 | 1478.5 |
  Orcish Mines |   1967 |   1823 |    144 |    248 |   1274 |   2 |  983.5 |
      Ice Cave |   1750 |   1750 |      0 |    711 |    528 |   1 | 1750.0 |
               +--------+--------+--------+--------+--------+-----+--------+

Top non-repeatable levels by time:
    D:12: 2382 daAuts
    D:13: 2243 daAuts
 Snake:2: 2092 daAuts
  Lair:2: 1930 daAuts
     D:5: 1819 daAuts
   IceCv: 1750 daAuts
     D:3: 1693 daAuts
 Snake:3: 1683 daAuts
    D:14: 1610 daAuts
  Lair:5: 1572 daAuts
  Lair:3: 1271 daAuts
    D:15: 1238 daAuts
  Lair:4: 1209 daAuts
     D:9: 1165 daAuts
 Snake:4: 1148 daAuts
